 Dungeon Crawl Stone Soup version 0.29.1-debian-1-gc3f1650bb9 (webtiles) character file.

Game seed: 4762048099666945275

3 ytrimaz the Chopper (level 1, -16/16 HPs)
             Began as a Demonspawn Gladiator on Sept 12, 2022.
             Demolished by a kobold
             ... wielding a +2 short sword of electrocution
              (20 damage)
             ... on level 1 of the Dungeon.
             The game lasted 00:00:08 (24 turns).

ytrimaz the Chopper (Demonspawn Gladiator)            Turns: 24, Time: 00:00:08

Health: -16/16     AC:  4    Str: 14    XL:     1   Next: 41%
Magic:  1/1        EV: 12    Int:  9    God:
Gold:   0          SH:  0    Dex: 14    Spells: 0/0 levels left

rFire   . . .      SeeInvis .   a - +0 war axe
rCold   . . .      Faith    .   (no shield)
rNeg    . . .      Spirit   .   b - +0 leather armour
rPois   .          Reflect  .   c - +0 helmet
rElec   .          Harm     .   (no cloak)
rCorr   .          Rampage  .   (no gloves)
Will    .....                   (no boots)
Stlth   +.........              (no amulet)
HPRegen 0.05/turn               (no ring)
MPRegen 0.07/turn               (no ring)

@: no status effects
A: no striking features
a: no special abilities


You were on level 1 of the Dungeon.
You visited 1 branch of the dungeon, and saw 1 of its levels.


   Skills:
 * Level 2.2 Fighting
 + Level 2.7 Axes
 - Level 1.7 Throwing
 - Level 2.6 Dodging


You couldn't memorise any spells.
You didn't know any spells.
Your spell library was empty.

Inventory:

Hand Weapons
 a - a +0 war axe (weapon)
Missiles
 d - 3 throwing nets (quivered)
 e - a javelin
Armour
 b - a +0 leather armour (worn)
 c - a +0 helmet (worn)
Scrolls
 f - a scroll of amnesia {unknown}
 g - a scroll of summoning {unknown}

Dungeon Overview and Level Annotations

Branches:
Dungeon (1/15) Zot: 5972

Altars:

........#
.........
##.......
.....)..#
##.......
........#####
#....Kg..[.##
#..K@.....#
.......####..###
.#..... #......#
#..>.. ####..##
#..... #......#
#..... #......#
#..... #.##..##
#..... #......#
#......#


You could see a goblin and 2 kobolds.


Message History

🤖 Initializing magus.rc ...
Options error: Delay interrupt name "hungry" not recognised. (~/.crawlrc:4375) Options error: Bad monster_list_colour key: strict_neutral (~/.crawlrc:4390) Bad channel name for runrest: 'pray:' ✅ Successfully initialized magus.rc [v1.9.6] Welcome, ytrimaz the Demonspawn Gladiator.
It is said that the Orb of Zot exists deep within this dungeon.
Press ? for a list of commands and other information.
Found a ring mail and a scroll labelled JIAFFETRUE.
Found a staircase leading out of the dungeon.
f - a scroll labelled JIAFFETRUE
g - a scroll labelled AQOCZUCHO A frilled lizard comes into view.
A hobgoblin comes into view.
The hobgoblin shouts!
A goblin comes into view. It is wielding a +0 club.
There are monsters nearby!
An endoplasm comes into view.
The frilled lizard hisses angrily.
The goblin shouts!
The endoplasm quivers.
There are monsters nearby!
You closely miss the frilled lizard. The frilled lizard closely misses you.
There are monsters nearby!
You slash the frilled lizard!
You kill the frilled lizard!
A kobold comes into view.
It is wielding a +2 short sword of electrocution.
Found a stone staircase leading down.
The hobgoblin closely misses you.
You slash the hobgoblin!
You kill the hobgoblin!
You closely miss the goblin. The goblin barely misses you.
A kobold comes into view. It is wielding a +0 whip.
The goblin hits you but does no damage.
You closely miss the goblin.
The kobold shouts!
You hit the endoplasm. The endoplasm closely misses you.
The goblin hits you with a +0 club.
You slash the endoplasm!
You kill the endoplasm!
You closely miss the goblin.
The kobold throws a stone.
The stone hits you.
The goblin barely misses you. x2; The kobold throws a stone.
The stone hits you but does no damage. 😮 HP[-6]
You take 6 damage, and now have 10/16 hp.
MASSIVE DAMAGE!! (PAUSE)
You are too injured to fight recklessly!
You are too injured to fight recklessly!
Unknown command.
You closely miss the goblin. The goblin closely misses you.
The kobold completely misses you.
The kobold hits you with a +2 short sword of electrocution.
* * * LOW HITPOINT WARNING * * *
You are electrocuted!!
Ouch! That really hurt!
You die...

Action                   || total
-------------------------++-------
Melee: War axe           ||     6
Armor: Leather armour    ||     2
Dodge: Dodged            ||     8

Levels and vault maps discovered:
D:1:      dpeg_arrival_ternary, layout_rooms

Notes
Turn   | Place    | Note
-------+----------+-------------------------------------------
     0 | D:1      | ytrimaz the Demonspawn Gladiator began the quest for the
                  | Orb.
     0 | D:1      | Reached XP level 1. HP: 16/16 MP: 1/1
     0 | D:1      | magus.rc [v1.9.6]
    24 | D:1      | HP: 4/16 [kobold/+2 short sword of electrocution (6)]
    24 | D:1      | Demolished by a kobold

Vanquished Creatures
  An endoplasm (D:1)
  A hobgoblin (D:1)
  A frilled lizard (D:1)
3 creatures vanquished.

Table legend:
 A = Non-vault XP
 B = Vault XP
 C = Vault XP percentage of total XP
 D = Non-vault monster count
 E = Vault monster count
 F = Vault count percentage of total count
                 A         B        C        D         E       F
            +---------+---------+-------+---------+---------+-------
      Total |       5 |       0 |   0.0 |       3 |       0 |   0.0
            +---------+---------+-------+---------+---------+-------
        D:1 |       5 |       0 |   0.0 |       3 |       0 |   0.0
            +---------+---------+-------+---------+---------+-------

Illustrated notes

Table legend:
 A = Kills in this place as a percentage of kills in entire the game.
 B = Kills by you in this place as a percentage of kills by you in the entire game.
 C = Kills by friends in this place as a percentage of kills by friends in the entire game.
 D = Other kills in this place as a percentage of other kills in the entire game.
 E = Experience gained in this place as a percentage of experience gained in the entire game.
 F = Experience gained in this place divided by the number of levels of this place that you have seen.
                   A       B       C       D       E      F
               +-------+-------+-------+-------+-------+----------------------
         Total | 100.0 | 100.0 |   N/A |   N/A | 100.0 |   5.0
       Dungeon | 100.0 | 100.0 |   N/A |   N/A | 100.0 |   5.0
               +-------+-------+-------+-------+-------+----------------------

Table legend: (Time is in decaauts)
 A = Elapsed time spent in this place.
 B = Non-inter-level travel time spent in this place.
 C = Inter-level travel time spent in this place.
 D = Time resting spent in this place.
 E = Time spent auto-exploring this place.
 F = Levels seen in this place.
 G = Mean time per level.
                   A        B        C        D        E       F      G
               +--------+--------+--------+--------+--------+-----+--------+
         Total |     26 |     26 |      0 |      0 |     12 |   1 |   26.0 |
       Dungeon |     26 |     26 |      0 |      0 |     12 |   1 |   26.0 |
               +--------+--------+--------+--------+--------+-----+--------+

Top non-repeatable levels by time:
     D:1: 26 daAuts
